[Event "Titled Tuesday Blitz March 21 Late 2023"]
[White "Tsyhanchuk, Stanislav"]
[Black "Volkov, Maksim"]
[WhiteFideId "13505130"]
[BlackFideId "54123070"]
[WhiteElo "2173"]
[BlackElo "2312"]
[Result "0-1"]
[Round "01"]
[TimeControl "180+2"]
[Date "2023.03.21"]
[WhiteClock "0:00:01"]
[BlackClock "0:00:52"]

1. e4 c5 2. Nf3 d6 3. d4 cxd4 4. Nxd4 Nf6 5. Nc3 a6 6. h4 e5 7. Nb3 Be6 8. f4 exf4 9. Bxf4 Nc6 10. Qd2 Nh5 11. O-O-O Nxf4 12. Qxf4 Be7 13. Kb1 O-O 14. Be2 Bf6 15. Nd5 Be5 16. Qf2 b5 17. h5 h6 18. Nd2 Nd4 19. Nf3 Bxd5 20. exd5 Nxf3 21. Qxf3 Qg5 22. Bd3 Rae8 23. g4 Bf6 24. Rhe1 Re5 25. Rxe5 Qxe5 26. c3 b4 27. Qf5 Qxf5 28. Bxf5 bxc3 29. bxc3 Bxc3 30. Kc2 Be5 31. Rb1 g6 32. hxg6 fxg6 33. Bxg6 Rf2+ 34. Kd3 Kg7 35. Bf5 Rxa2 36. Rb7+ Kf6 37. Ke4 Ra4+ 38. Kf3 Rf4+ 39. Ke3 h5 40. Ra7 hxg4 41. Be6 Ra4 42. Rf7+ Kg5 43. Kf2 Ra2+ 44. Kg1 g3 45. Kh1 g2+ 46. Kg1 Bd4+ 47. Kh2 g1=Q+ 48. Kh3 Rh2# 0-1


[Site "https://www.chess.com"]

[Event "Titled Tuesday Blitz March 21 Late 2023"]
[White "Pinheiro, Iung Alicio de O."]
[Black "Storn, Justin"]
[WhiteFideId "2104350"]
[BlackFideId "30922720"]
[WhiteElo "2283"]
[BlackElo "2286"]
[Result "0-1"]
[Round "01"]
[TimeControl "180+2"]
[Date "2023.03.21"]
[WhiteClock "0:00:10"]
[BlackClock "0:01:06"]

1. e4 c6 2. Nc3 d5 3. Nf3 Bg4 4. h3 Bxf3 5. Qxf3 e6 6. d4 dxe4 7. Nxe4 Qxd4 8. c3 Qb6 9. Qg3 Nf6 10. Nd6+ Bxd6 11. Qxd6 Qxf2+ 12. Kd1 Na6 13. Qd2 Ne4 14. Qxf2 Nxf2+ 15. Ke1 Nxh1 16. Bf4 O-O 17. g4 e5 18. Bh2 f5 19. Bg2 Ng3 20. Bxg3 f4 21. Bh4 Rae8 22. Rd1 f3 23. Bf1 Nc5 24. b4 Ne4 25. Rd7 f2+ 26. Kd1 Nxc3+ 27. Kc2 Nd5 28. Kb3 Rf7 29. Rd6 Ne3 30. Be2 f1=Q 31. Bxf1 Nxf1 32. b5 cxb5 33. Rd5 a6 34. a4 bxa4+ 35. Kxa4 Ne3 36. Rc5 Ng2 37. Bg3 Nf4 38. Ka5 Nxh3 39. Kb6 e4 40. g5 e3 41. Be1 e2 42. Ka7 Rf1 43. Rc1 Nf4 44. g6 hxg6 0-1


[Site "https://www.chess.com"]

[Event "Titled Tuesday Blitz March 21 Late 2023"]
[White "rionelG"]
[Black "Fecker, Noah"]
[BlackFideId "1334263"]
[WhiteElo "2277"]
[BlackElo "2291"]
[Result "0-1"]
[Round "01"]
[TimeControl "180+2"]
[Date "2023.03.21"]
[WhiteClock "0:00:03"]
[BlackClock "0:01:09"]

1. e4 c5 2. g3 h5 3. h3 Nc6 4. Bg2 d6 5. Ne2 e5 6. c3 h4 7. g4 Nge7 8. d4 Ng6 9. Be3 cxd4 10. cxd4 Be7 11. Nbc3 Bg5 12. Qd2 Bxe3 13. Qxe3 O-O 14. O-O Qb6 15. Rfd1 Bd7 16. b3 Rac8 17. Rac1 Rfe8 18. f4 exd4 19. Nxd4 Nxd4 20. Qxd4 Qxd4+ 21. Rxd4 Nxf4 22. Bf1 Bc6 23. Rcd1 g5 24. Rxd6 Bxe4 25. Nxe4 Rxe4 26. Rd8+ Rxd8 27. Rxd8+ Kg7 28. Rd7 Re1 29. Kf2 Ra1 30. Bc4 Rxa2+ 31. Ke3 Nxh3 32. Rxf7+ Kg6 33. Rxb7 Nf4 34. Bf7+ Kf6 35. Bc4 h3 36. Rh7 h2 37. Ke4 Kg6 38. Rh8 Kg7 39. Rg8+ Kh7 40. Kf5 h1=Q 0-1


[Site "https://www.chess.com"]

[Event "Titled Tuesday Blitz March 21 Late 2023"]
[White "Srinath, Rao S.V."]
[Black "Einarsson, Halldor Gretar"]
[WhiteFideId "5028876"]
[BlackFideId "2300150"]
[WhiteElo "2196"]
[BlackElo "2142"]
[Result "1-0"]
[Round "01"]
[TimeControl "180+2"]
[Date "2023.03.21"]
[WhiteClock "0:02:17"]
[BlackClock "0:01:10"]

1. e4 c5 2. Nf3 Nc6 3. c3 Nf6 4. e5 Nd5 5. d4 cxd4 6. cxd4 d6 7. Bc4 Nb6 8. Bb3 dxe5 9. d5 Na5 10. Nc3 Nxb3 11. Qxb3 e6 12. dxe6 Bxe6 13. Qb5+ Bd7 14. Qxe5+ Be7 15. Qxg7 Bf6 16. Qg3 Qe7+ 17. Be3 Nc4 18. Nd5 Qd6 19. Qxd6 Nxd6 20. Nxf6+ 1-0


[Site "https://www.chess.com"]

[Event "Titled Tuesday Blitz March 21 Late 2023"]
[White "Albuquerque Junior,Wellington S."]
[Black "Panesso Rivera, Henry"]
[WhiteFideId "2151480"]
[BlackFideId "4402707"]
[WhiteElo "2109"]
[BlackElo "2345"]
[Result "0-1"]
[Round "01"]
[TimeControl "180+2"]
[Date "2023.03.21"]
[WhiteClock "0:00:04"]
[BlackClock "0:00:52"]

1. c4 e5 2. g3 Nf6 3. Bg2 c6 4. d4 exd4 5. Nf3 Bb4+ 6. Nbd2 c5 7. O-O O-O 8. Nb3 d6 9. a3 Ba5 10. e3 dxe3 11. Bxe3 Bc7 12. Qc2 Nc6 13. Rad1 Qe7 14. Rfe1 Be6 15. Ng5 h6 16. Nxe6 fxe6 17. Bh3 e5 18. Qg6 Qf7 19. Qxf7+ Kxf7 20. f4 Rae8 21. Bg2 Kg8 22. fxe5 Rxe5 23. Bf4 Rxe1+ 24. Rxe1 g5 25. Bd2 Re8 26. Bd5+ Kg7 27. Rf1 Ne5 28. Bxb7 Nxc4 29. Bc3 Bd8 0-1


[Site "https://www.chess.com"]

[Event "Titled Tuesday Blitz March 21 Late 2023"]
[White "Brodowski, Piotr"]
[Black "Todev, Simeon"]
[WhiteFideId "1124480"]
[BlackFideId "2925133"]
[WhiteElo "2351"]
[BlackElo "1938"]
[Result "1-0"]
[Round "01"]
[TimeControl "180+2"]
[Date "2023.03.21"]
[WhiteClock "0:01:15"]
[BlackClock "0:00:08"]

1. Nf3 c5 2. e4 Nc6 3. Bb5 e6 4. O-O g6 5. Bxc6 bxc6 6. d4 cxd4 7. Qxd4 Qf6 8. e5 Qd8 9. Nc3 Ne7 10. Bg5 Bg7 11. Ne4 O-O 12. Rad1 Rb8 13. b3 Rb5 14. c4 Ra5 15. a4 h6 16. Bf6 c5 17. Qc3 Ra6 18. Nxc5 Rc6 19. Ne4 Bxf6 20. Nxf6+ Kg7 21. Nd4 Rc5 22. Nb5 Nc6 23. f4 a6 24. Nd6 Qb6 25. Kh1 Ra5 26. Nde8+ Kh8 27. Qh3 h5 28. Nxh5 Rxe8 29. Nf6+ Kg7 30. Qh7+ Kf8 31. Qg8+ 1-0


[Site "https://www.chess.com"]

[Event "Titled Tuesday Blitz March 21 Late 2023"]
[White "Skaric, Djuro"]
[Black "Melikyan, Gnel"]
[WhiteFideId "934569"]
[BlackFideId "54109990"]
[WhiteElo "2282"]
[BlackElo "2138"]
[Result "0-1"]
[Round "01"]
[TimeControl "180+2"]
[Date "2023.03.21"]
[WhiteClock "0:00:34"]
[BlackClock "0:00:12"]

1. g3 h5 2. Bg2 h4 3. gxh4 e6 4. d4 d5 5. Nf3 c5 6. Nc3 cxd4 7. Qxd4 Nc6 8. Qa4 Bd7 9. Qg4 Nf6 10. Qg5 Nb4 11. O-O Nxc2 12. Rb1 Rc8 13. Ne5 Nd4 14. Rd1 Rxc3 15. Rxd4 Rc8 16. Be3 Rh5 17. Qg3 Rh7 18. Rbd1 Bd6 19. f4 Bb5 20. Bf3 Bc5 21. b4 Bxd4 22. Bxd4 Ne4 23. Bxe4 dxe4 24. f5 Qxh4 25. fxe6 Qxg3+ 26. hxg3 fxe6 27. a4 Bxa4 28. Ra1 b5 29. Kf2 Rh5 30. Ke3 Ke7 31. g4 Rh3+ 32. Kf4 Rf8+ 33. Kg5 Kd6 34. Rc1 Kd5 35. e3 Rxe3 36. Bxe3 Kxe5 37. Rc7 Rf3 38. Bxa7 e3 39. Bb8 Ke4 40. Re7 Bb3 41. Rc7 e2 42. Rc1 Rf1 43. Bg3 Rxc1 44. Kg6 Rg1 45. Bh4 Rxg4+ 46. Kh7 Rxh4+ 47. Kg8 e1=Q 48. Kf7 e5+ 49. Ke7 Qxb4+ 50. Kd7 Rh8 51. Kc7 Qe7+ 0-1


[Site "https://www.chess.com"]

[Event "Titled Tuesday Blitz March 21 Late 2023"]
[White "Taboas Rodriguez, Daniel"]
[Black "Harish, Neeraj"]
[WhiteFideId "2208466"]
[BlackFideId "30958130"]
[WhiteElo "2365"]
[BlackElo "1963"]
[Result "1-0"]
[Round "01"]
[TimeControl "180+2"]
[Date "2023.03.21"]
[WhiteClock "0:02:08"]
[BlackClock "0:01:04"]

1. d4 d5 2. Nf3 Nf6 3. c4 e6 4. Bg5 Be7 5. e3 h6 6. Bh4 O-O 7. Nc3 Ne4 8. Bxe7 Qxe7 9. Rc1 c6 10. Bd3 Nxc3 11. Rxc3 dxc4 12. Bxc4 b6 13. O-O Bb7 14. Bd3 Nd7 15. Be4 Rac8 16. Qa4 Nf6 17. Bxc6 Bxc6 18. Rxc6 Qd7 19. Ne5 Qe8 20. Rfc1 Rxc6 21. Qxc6 Qxc6 22. Rxc6 Nd5 23. a3 Ne7 24. Rc7 Nd5 25. Rxa7 Rc8 26. g4 Rc1+ 27. Kg2 Rc2 28. Kg3 Rxb2 29. Nxf7 Ra2 30. Nd8 b5 31. Nxe6 b4 32. Rd7 Nf6 33. Rxg7+ Kh8 34. Rf7 Rxa3 35. Rxf6 b3 36. Rf8+ Kh7 37. Rb8 1-0


[Site "https://www.chess.com"]

[Event "Titled Tuesday Blitz March 21 Late 2023"]
[White "Stanisz, Patryk"]
[Black "Mihajlov, Sebastian"]
[WhiteFideId "1123106"]
[BlackFideId "1512110"]
[WhiteElo "2069"]
[BlackElo "2464"]
[Result "0-1"]
[Round "01"]
[TimeControl "180+2"]
[Date "2023.03.21"]
[WhiteClock "0:00:02"]
[BlackClock "0:01:18"]

1. d4 g6 2. c4 Bg7 3. Nc3 c5 4. Nf3 Nc6 5. d5 Nd4 6. e3 Nxf3+ 7. Qxf3 d6 8. Bd3 Nf6 9. Bd2 h5 10. h3 Nd7 11. Qe2 Ne5 12. O-O Nxd3 13. Qxd3 O-O 14. e4 a6 15. Kh2 b5 16. cxb5 axb5 17. a4 b4 18. Nb5 Bxb2 19. Bh6 Re8 20. f4 Kh7 21. Bg5 f6 22. Bh4 Bxa1 23. Rxa1 Bd7 24. e5 dxe5 25. fxe5 Bxb5 26. Qxb5 Qxd5 27. exf6 exf6 28. Rf1 g5 29. Bg3 h4 30. Bc7 Kg6 31. a5 Rac8 32. a6 Ra8 33. a7 Re6 34. Bb8 b3 35. Qa4 c4 36. Qa1 Qd3 37. Qa5 Qxf1 0-1


[Site "https://www.chess.com"]

[Event "Titled Tuesday Blitz March 21 Late 2023"]
[White "Mustafayev, Farid"]
[Black "Onslow, Alfie"]
[WhiteFideId "13408771"]
[BlackFideId "436976"]
[WhiteElo "2269"]
[BlackElo "2114"]
[Result "1-0"]
[Round "01"]
[TimeControl "180+2"]
[Date "2023.03.21"]
[WhiteClock "0:01:06"]
[BlackClock "0:00:07"]

1. Nf3 c5 2. g3 Nc6 3. Bg2 e5 4. d3 d5 5. O-O Nf6 6. Nbd2 Be7 7. e4 d4 8. Nc4 Qc7 9. a4 O-O 10. h3 b6 11. Qe2 Be6 12. Bd2 a6 13. Nh4 b5 14. axb5 axb5 15. Na3 Qb6 16. Nf5 Rfc8 17. f4 Bf8 18. g4 exf4 19. Bxf4 Nd7 20. Bd6 c4 21. Bxf8 Rxf8 22. Kh1 Nde5 23. Qd2 f6 24. g5 cxd3 25. gxf6 Rxf6 26. cxd3 b4 27. Nc4 Qd8 28. Rxa8 Qxa8 29. Nxe5 Nxe5 30. Qxb4 Bxf5 31. exf5 Qc8 32. Qxd4 Rxf5 33. Qd5+ Kf8 34. Qxe5 Rxf1+ 35. Bxf1 Qc1 36. Qf5+ Kg8 37. Qf2 Qd1 38. Kh2 h6 39. Bg2 Qc1 40. Bd5+ Kh8 41. Qf8+ Kh7 42. Be4+ g6 43. Qf7+ Kh8 44. Qf6+ Kh7 45. Bxg6+ Kg8 46. Qf7+ Kh8 47. Qh7# 1-0


[Site "https://www.chess.com"]

[Event "Titled Tuesday Blitz March 21 Late 2023"]
[White "monkins"]
[Black "Lamard, Guillaume"]
[BlackFideId "600261"]
[WhiteElo "2253"]
[BlackElo "2413"]
[Result "0-1"]
[Round "01"]
[TimeControl "180+2"]
[Date "2023.03.21"]
[WhiteClock "0:00:54"]
[BlackClock "0:01:02"]

1. Nf3 Nf6 2. c4 e6 3. g3 d5 4. Bg2 d4 5. O-O c5 6. b4 cxb4 7. a3 Nc6 8. d3 a5 9. axb4 Bxb4 10. Ba3 O-O 11. Bxb4 Nxb4 12. Na3 Re8 13. Qb3 e5 14. Nd2 Qe7 15. Rfc1 Bg4 16. Kf1 Qd7 17. Kg1 Bxe2 18. Bf1 Bxf1 19. Nxf1 h5 20. c5 h4 21. Nc4 h3 22. f3 Qf5 23. Nfd2 Qxd3 24. Nd6 Qxd2 25. Qxf7+ Kh7 26. Kf1 Nd3 0-1


[Site "https://www.chess.com"]

[Event "Titled Tuesday Blitz March 21 Late 2023"]
[White "Krallis, Christos"]
[Black "Thiel, Thomas"]
[WhiteFideId "4298896"]
[BlackFideId "4615964"]
[WhiteElo "2243"]
[BlackElo "2252"]
[Result "1-0"]
[Round "01"]
[TimeControl "180+2"]
[Date "2023.03.21"]
[WhiteClock "0:00:09"]
[BlackClock "0:00:02"]

1. b3 e5 2. Bb2 Nc6 3. c4 Nf6 4. e3 Bd6 5. Nc3 O-O 6. Bd3 Re8 7. Ne4 Nxe4 8. Bxe4 g6 9. h4 f5 10. Bd5+ Kg7 11. Nf3 Qf6 12. d4 e4 13. Bxc6 Bb4+ 14. Kf1 dxc6 15. Ne5 Bd6 16. h5 g5 17. h6+ Kf8 18. Qh5 Be6 19. a4 Bxe5 20. dxe5 Qg6 21. Qxg6 hxg6 22. a5 a6 23. Bd4 Kg8 24. Ke2 Kh7 25. Kd2 Red8 26. Kc3 Rab8 27. b4 Rd7 28. f3 exf3 29. gxf3 Bg8 30. Rag1 b6 31. axb6 cxb6 32. Rxg5 a5 33. bxa5 c5 34. Rhg1 cxd4+ 35. exd4 Bf7 36. e6 Bxe6 37. Rxg6 Rd6 38. axb6 Rdxb6 39. d5 1-0


[Site "https://www.chess.com"]

[Event "Titled Tuesday Blitz March 21 Late 2023"]
[White "Fajdetic, Hrvoje"]
[Black "benny_aizenberg"]
[WhiteFideId "14501945"]
[WhiteElo "2185"]
[BlackElo "2605"]
[Result "0-1"]
[Round "01"]
[TimeControl "180+2"]
[Date "2023.03.21"]
[WhiteClock "0:00:06"]
[BlackClock "0:00:11"]

1. d4 f5 2. Bg5 g6 3. h4 Bg7 4. Nc3 d6 5. e4 fxe4 6. Nxe4 Bf5 7. Ng3 Bd7 8. Bc4 Nc6 9. c3 h6 10. Qd3 Bf5 11. Nxf5 gxf5 12. Qxf5 Bf6 13. Be6 Kf8 14. Be3 Qe8 15. Nf3 Nd8 16. Bb3 e6 17. Qf4 Ke7 18. O-O-O Qg6 19. g4 Nf7 20. g5 hxg5 21. hxg5 Bg7 22. Rxh8 Nxh8 23. Re1 Rf8 24. Qg4 Qf5 25. Qxf5 Rxf5 26. Nh4 Rf8 27. f4 d5 28. Bd2 Kd7 29. Bc2 Ne7 30. Rf1 Nf5 31. Nxf5 exf5 32. Rh1 Ke6 33. Rh7 Rg8 34. b3 Ng6 35. c4 c6 36. Be3 Ne7 37. Rh1 Rd8 38. Re1 Kf7 39. c5 Rh8 40. Bf2 Rh2 41. Rf1 Rh3 42. b4 Rf3 43. Kd2 Bxd4 44. Ke2 Rxf4 45. Bxd4 Rxd4 46. Bxf5 Nxf5 47. Rxf5+ Kg6 48. Re5 Rxb4 49. Re7 Kxg5 50. Kd3 Kf6 51. Rh7 Ke6 52. a3 Rb3+ 53. Kd4 a5 54. Rh6+ Kd7 55. Rh7+ Kc8 56. Rh8+ Kc7 57. Rh7+ Kb8 58. Rh8+ Ka7 59. Rh7 Rxa3 60. Ke5 Rg3 61. Kd6 a4 62. Kc7 a3 63. Rh2 Rc3 64. Ra2 d4 65. Kd6 d3 66. Ke5 Rxc5+ 67. Kd4 Rd5+ 68. Kc3 d2 69. Rxa3+ Kb8 70. Ra1 d1=Q 71. Rxd1 Rxd1 0-1


[Site "https://www.chess.com"]

[Event "Titled Tuesday Blitz March 21 Late 2023"]
[White "Sivakumar, Shaaketh"]
[Black "Lauridsen, Jesper Morch"]
[WhiteFideId "30940176"]
[BlackFideId "1401890"]
[WhiteElo "2174"]
[BlackElo "2249"]
[Result "1-0"]
[Round "01"]
[TimeControl "180+2"]
[Date "2023.03.21"]
[WhiteClock "0:02:01"]
[BlackClock "0:00:08"]

1. e4 c5 2. Nf3 d6 3. d4 cxd4 4. Qxd4 Nc6 5. Bb5 Bd7 6. Qd3 Nf6 7. c4 a6 8. Bxc6 Bxc6 9. Nc3 b5 10. cxb5 axb5 11. Nd4 Qd7 12. Nxc6 Qxc6 13. Qxb5 Qxb5 14. Nxb5 Ra4 15. f3 e6 16. Bf4 d5 17. O-O-O Rxa2 18. Kb1 Ra5 19. Nc7+ Kd7 20. exd5 exd5 21. Be5 Bd6 22. Bxf6 Bxc7 23. Bxg7 Rg8 24. Bc3 Rb5 25. g3 h5 26. Rd3 h4 27. g4 h3 28. Rhd1 Kc6 29. R3d2 Bf4 30. Rc2 Kb7 31. Re1 Rc8 32. Be5 Rxc2 33. Kxc2 Bxe5 34. Rxe5 Rc5+ 35. Kd3 Kc6 36. Rh5 Rb5 37. Kc2 Rc5+ 38. Kb1 Kb5 39. Rxh3 Ka4 40. Rh7 Rc7 41. Rh5 Rd7 42. Kc2 Rc7+ 43. Kd3 Rb7 44. Rxd5 Rxb2 45. h4 Rh2 46. h5 Kb4 47. Ke4 Kc4 48. Rd7 Re2+ 49. Kf5 Re3 50. f4 Rf3 51. h6 1-0


[Site "https://www.chess.com"]

[Event "Titled Tuesday Blitz March 21 Late 2023"]
[White "Wang, Alexander J"]
[Black "Ambartsumova, Karina"]
[WhiteFideId "30955270"]
[BlackFideId "4166299"]
[WhiteElo "2247"]
[BlackElo "2300"]
[Result "1-0"]
[Round "01"]
[TimeControl "180+2"]
[Date "2023.03.21"]
[WhiteClock "0:00:38"]
[BlackClock "0:00:08"]

1. e4 c5 2. Nf3 Nc6 3. d4 cxd4 4. Nxd4 Qb6 5. Nf3 Nf6 6. Nc3 d6 7. Rb1 e6 8. Be3 Qc7 9. h3 a6 10. a4 Be7 11. Be2 O-O 12. O-O b6 13. Nd4 Qb7 14. f3 Bd7 15. Nxc6 Bxc6 16. Qd4 b5 17. axb5 axb5 18. Qb6 Qxb6 19. Bxb6 b4 20. Nd1 Nd7 21. Be3 d5 22. Nf2 dxe4 23. fxe4 Bc5 24. Bxc5 Nxc5 25. Bd3 b3 26. Rbc1 Rfc8 27. Rfe1 Nxd3 28. cxd3 Bb5 29. d4 Kf8 30. e5 Rxc1 31. Rxc1 Ra2 32. Nd1 Ke7 33. Nc3 Ra5 34. Kf2 Bc4 35. Ke3 f5 36. g3 Ra7 37. h4 h6 38. Rg1 g5 39. hxg5 hxg5 40. Rh1 Kf8 41. Rh8+ Kg7 42. Rh2 Rc7 43. Rh1 Ba6 44. Ra1 Bb7 45. Ra7 Rf7 46. Nb5 f4+ 47. gxf4 gxf4+ 48. Kf2 Be4 49. Rxf7+ Kxf7 50. Nd6+ Kg6 51. Nxe4 Kf5 52. Nd6+ Kg4 53. d5 exd5 54. e6 d4 55. e7 d3 56. Nc4 d2 57. Nxd2 1-0


[Site "https://www.chess.com"]

[Event "Titled Tuesday Blitz March 21 Late 2023"]
[White "Seemann, Jakub"]
[Black "Mika, Tomasz"]
[WhiteFideId "21874697"]
[BlackFideId "1132970"]
[WhiteElo "2364"]
[BlackElo "2179"]
[Result "1-0"]
[Round "01"]
[TimeControl "180+2"]
[Date "2023.03.21"]
[WhiteClock "0:01:10"]
[BlackClock "0:00:13"]

1. Nf3 d5 2. e3 Nf6 3. c4 c6 4. Nc3 e6 5. b3 Be7 6. Bb2 O-O 7. Be2 b6 8. O-O Bb7 9. Rc1 c5 10. cxd5 Nxd5 11. Nxd5 Bxd5 12. Qc2 Bf6 13. Rfd1 Nc6 14. a3 Rc8 15. d3 Na5 16. Nd2 Qe7 17. Nc4 Nxc4 18. bxc4 Bc6 19. Bxf6 Qxf6 20. a4 Rfd8 21. Ra1 e5 22. a5 g6 23. axb6 axb6 24. Ra6 Bb7 25. Ra7 Rb8 26. Rda1 Kg7 27. Bf1 Rd6 28. Qb2 h5 29. Rb1 e4 30. Qxf6+ Kxf6 31. d4 cxd4 32. exd4 Ra8 33. Rxb7 1-0


[Site "https://www.chess.com"]

[Event "Titled Tuesday Blitz March 21 Late 2023"]
[White "olga-belka"]
[Black "Thomforde-Toates, Noah"]
[BlackFideId "30951992"]
[WhiteElo "2239"]
[BlackElo "2601"]
[Result "0-1"]
[Round "01"]
[TimeControl "180+2"]
[Date "2023.03.21"]
[WhiteClock "0:00:01"]
[BlackClock "0:00:19"]

1. e4 c5 2. Nf3 g6 3. g3 Bg7 4. Bg2 Nc6 5. O-O d6 6. h3 Nf6 7. Re1 O-O 8. c3 Bd7 9. d4 cxd4 10. cxd4 d5 11. e5 Ne4 12. Nbd2 Qc8 13. Nxe4 dxe4 14. Ng5 h6 15. Nxe4 Bxh3 16. Be3 Rd8 17. f4 Bxg2 18. Kxg2 Qe6 19. Nc3 Nb4 20. a3 Nd5 21. Bf2 Rac8 22. Qf3 Nxc3 23. bxc3 b6 24. Rec1 Qc4 25. Be1 e6 26. g4 Qc6 27. Qxc6 Rxc6 28. Kf3 Rdc8 29. Ke4 Rc4 30. Kd3 Bf8 31. a4 Be7 32. Rc2 Kg7 33. Bd2 a6 34. Rcc1 Bd8 35. Rh1 Be7 36. f5 exf5 37. gxf5 Kg8 38. f6 Bf8 39. Rac1 h5 40. Rhg1 Kh7 41. Be3 Rxa4 42. d5 b5 43. e6 Rd8 0-1


[Site "https://www.chess.com"]

[Event "Titled Tuesday Blitz March 21 Late 2023"]
[White "Filgueira, Hernan"]
[Black "Battlecruiser_Operational"]
[WhiteFideId "101770"]
[WhiteElo "2363"]
[BlackElo "2236"]
[Result "1/2-1/2"]
[Round "01"]
[TimeControl "180+2"]
[Date "2023.03.21"]
[WhiteClock "0:00:16"]
[BlackClock "0:00:04"]

1. c4 Nf6 2. Nc3 e5 3. Nf3 Nc6 4. a3 a5 5. e3 g6 6. d3 Bg7 7. Be2 O-O 8. O-O d6 9. Qc2 Nh5 10. Nd2 f5 11. Rb1 Be6 12. b4 axb4 13. axb4 Kh8 14. Bf3 Qh4 15. g3 Qf6 16. Nd5 Qf7 17. b5 Nd8 18. Bg2 f4 19. Ne4 h6 20. exf4 Bxd5 21. cxd5 exf4 22. Bb2 f3 23. Bh3 Qxd5 24. Qd2 Kh7 25. Bxg7 Nxg7 26. Rfc1 Nde6 27. Rc4 Ra3 28. Nc3 Qh5 29. Bf1 Rf7 30. Qb2 Ra8 31. Ne4 Raf8 32. h3 d5 33. Rc5 b6 34. Rc6 dxe4 35. dxe4 Ng5 36. h4 Nxe4 37. Bd3 Nc5 38. Bxg6+ Qxg6 39. Rxg6 Kxg6 40. Qc2+ Kf6 41. Re1 Nge6 42. Qd2 h5 43. Qh6+ Ke7 44. Qxh5 Rf5 45. Qg4 R8f7 46. Qc4 R7f6 47. Rd1 Re5 48. Qg4 Re2 49. h5 Ne4 50. Rf1 N6g5 51. Qc8 Rh6 52. Qxc7+ Kf8 53. Qf4+ Kg7 54. Qg4 Kh7 55. Rd1 Rf6 56. Rd7+ Rf7 57. Rxf7+ Nxf7 58. Qf5+ Kg7 59. Qg6+ Kf8 60. h6 Nxf2 61. Qg7+ Ke8 62. Qg8+ Ke7 63. h7 Nh3+ 64. Kf1 Rf2+ 65. Ke1 Re2+ 66. Kd1 Nf2+ 67. Kc1 Nd3+ 68. Kd1 Re1+ 69. Kd2 f2 70. h8=Q Nxh8 71. Qg5+ Kd7 72. Qf5+ Kd6 73. Qf6+ Kc5 74. Qc3+ 1/2-1/2


[Site "https://www.chess.com"]

[Event "Titled Tuesday Blitz March 21 Late 2023"]
[White "2good4u734"]
[Black "Di Berardino, Diego Rafael"]
[BlackFideId "2105446"]
[WhiteElo "2231"]
[BlackElo "2432"]
[Result "0-1"]
[Round "01"]
[TimeControl "180+2"]
[Date "2023.03.21"]
[WhiteClock "0:00:13"]
[BlackClock "0:01:08"]

1. Nf3 Nf6 2. g3 g6 3. Bg2 Bg7 4. O-O O-O 5. d3 c5 6. e4 d6 7. Nc3 Nc6 8. h3 Rb8 9. a4 a6 10. d4 cxd4 11. Nxd4 Nxd4 12. Qxd4 b5 13. axb5 axb5 14. Rd1 Be6 15. Ra7 Nd5 16. Qd3 Nxc3 17. bxc3 Re8 18. Be3 Qc8 19. Bd4 Bxh3 20. Bxh3 Qxh3 21. Rb1 Qh5 22. Ra5 Rec8 23. Raxb5 Rxb5 24. Rxb5 Qg4 25. Rb7 Qe6 26. Kg2 h5 27. Kg1 h4 28. gxh4 Qg4+ 29. Qg3 Qxe4 30. h5 Qxb7 0-1


[Site "https://www.chess.com"]

[Event "Titled Tuesday Blitz March 21 Late 2023"]
[White "Ozates, Tuna"]
[Black "Barria Santos, Jose Guilherme"]
[WhiteFideId "6354521"]
[BlackFideId "1939300"]
[WhiteElo "2151"]
[BlackElo "2301"]
[Result "1-0"]
[Round "01"]
[TimeControl "180+2"]
[Date "2023.03.21"]
[WhiteClock "0:00:25"]
[BlackClock "0:00:07"]

1. e4 c5 2. Nf3 d6 3. d4 cxd4 4. Nxd4 Nf6 5. Nc3 a6 6. Be2 e5 7. Nb3 Be7 8. O-O Be6 9. f3 O-O 10. Nd5 Bxd5 11. exd5 Nbd7 12. c4 Rc8 13. Be3 b6 14. Qd2 Nc5 15. Bxc5 bxc5 16. Na5 Qb6 17. Nc6 Rfe8 18. Kh1 Nh5 19. g3 Nf6 20. Rab1 Bf8 21. Qe3 e4 22. f4 Rxc6 23. dxc6 Qxc6 24. Kg1 d5 25. cxd5 Nxd5 26. Qb3 Nb4 27. Bc4 Qc7 28. Rbe1 g6 29. f5 g5 30. f6 Bd6 31. Rf5 h6 32. Qe3 Be5 33. Rxg5+ Kf8 34. Rxe5 Rxe5 35. Qxh6+ Ke8 36. Qh8+ Kd7 37. Bxf7 Nd3 38. Rd1 Kc6 39. Be8+ Kb6 40. f7 c4 41. f8=Q 1-0


[Site "https://www.chess.com"]

[Event "Titled Tuesday Blitz March 21 Late 2023"]
[White "Dylag, Emilia"]
[Black "Turayev, Shahruh"]
[WhiteFideId "21805172"]
[BlackFideId "14003856"]
[WhiteElo "1878"]
[BlackElo "2171"]
[Result "0-1"]
[Round "01"]
[TimeControl "180+2"]
[Date "2023.03.21"]
[WhiteClock "0:00:02"]
[BlackClock "0:00:40"]

1. d4 d5 2. g3 Nf6 3. Bg2 e6 4. Nf3 Be7 5. O-O O-O 6. Nbd2 c5 7. b3 cxd4 8. Bb2 Nc6 9. Nxd4 Qc7 10. c4 e5 11. Nxc6 bxc6 12. cxd5 cxd5 13. Rc1 Qb8 14. Nf3 Bd6 15. Qd2 Bb7 16. Rfd1 d4 17. Qa5 Be4 18. Ba3 Bxa3 19. Qxa3 Qb7 20. Qd6 d3 21. Rxd3 Bxd3 22. exd3 Rad8 23. Qxe5 Rfe8 24. Qf5 Qd7 25. Qxd7 Rxd7 26. d4 g6 27. h3 Re2 28. a4 Rb2 29. Rc8+ Kg7 30. Rb8 Ne4 31. Ne5 Rxd4 32. Rb7 Rd1+ 33. Kh2 Rxf2 34. Nxf7 Rxf7 35. Rxf7+ Kxf7 36. Bxe4 a5 37. g4 h6 38. Kg3 Kf6 39. Kf2 g5 40. Kg2 Rc1 41. Bd5 Ke5 42. Bc4 Kd4 43. Bg8 Ke3 44. Kg3 Rg1+ 45. Kh2 Rb1 46. Kg3 Rb2 47. Bf7 Kd4 48. Be6 Kc3 49. h4 Rxb3 50. Bxb3 Kxb3 51. hxg5 hxg5 52. Kf3 Kxa4 53. Ke4 Kb4 54. Kf5 a4 55. Kxg5 a3 56. Kh6 a2 57. g5 a1=Q 58. g6 Qh8+ 59. Kg5 Qg7 0-1


[Site "https://www.chess.com"]

[Event "Titled Tuesday Blitz March 21 Late 2023"]
[White "Sokac, Marko"]
[Black "Ardila, Oscar Humberto"]
[WhiteFideId "14531356"]
[BlackFideId "4404742"]
[WhiteElo "2355"]
[BlackElo "1911"]
[Result "1-0"]
[Round "01"]
[TimeControl "180+2"]
[Date "2023.03.21"]
[WhiteClock "0:00:08"]
[BlackClock "0:00:18"]

1. e4 e5 2. Nc3 Nf6 3. Bc4 Nc6 4. d3 Bb4 5. Ne2 O-O 6. O-O h6 7. f4 d6 8. f5 Nd4 9. Nxd4 exd4 10. Ne2 c5 11. a3 Ba5 12. Ng3 d5 13. Ba2 dxe4 14. dxe4 Re8 15. Qf3 Bd7 16. c3 Bc6 17. Re1 Qd7 18. Bf4 Bc7 19. Rad1 Be5 20. cxd4 Bxd4+ 21. Kh1 Rad8 22. b4 b6 23. h3 Qb7 24. Qb3 Nxe4 25. Nxe4 Bxe4 26. bxc5 Bxg2+ 27. Kh2 Bd5 28. Rxe8+ Rxe8 29. Qxd5 Qxd5 30. Bxd5 bxc5 31. Rb1 Re2+ 32. Kg3 Re7 33. Rb8+ Kh7 34. Rb7 Rxb7 35. Bxb7 Kg8 36. Bd5 Kf8 37. Bd6+ Ke8 38. Bc6+ Kd8 39. Kf4 g6 40. Be5 Bf2 41. f6 Bg1 42. Ke4 Bf2 43. Bd6 h5 44. Be7+ Kc7 45. Bd5 Kd7 46. Bxf7 g5 47. Kd5 g4 48. hxg4 hxg4 49. Be6+ Ke8 50. Bxg4 Bh4 51. Ke6 Bg3 52. Bh5# 1-0


[Site "https://www.chess.com"]

[Event "Titled Tuesday Blitz March 21 Late 2023"]
[White "Sabar, Ethmane Daouda"]
[Black "Sielecki, Christof"]
[WhiteFideId "19600097"]
[BlackFideId "4620437"]
[WhiteElo "1950"]
[BlackElo "2443"]
[Result "0-1"]
[Round "01"]
[TimeControl "180+2"]
[Date "2023.03.21"]
[WhiteClock "0:00:44"]
[BlackClock "0:00:57"]

1. b3 d5 2. Bb2 c5 3. e3 Nf6 4. f4 g6 5. Bxf6 exf6 6. d4 Nc6 7. Nf3 Bd6 8. Be2 O-O 9. O-O Re8 10. c4 Rxe3 11. dxc5 Bxc5 12. Kh1 d4 13. Nfd2 d3 14. Bf3 Qd4 15. Ne4 Rxe4 16. Bxe4 Qxe4 17. Nc3 Qf5 18. Nd5 Be6 19. b4 Bxd5 20. cxd5 Nxb4 21. Rc1 Qxd5 22. Rf3 Re8 23. Qa4 Re4 24. Rd1 d2 25. a3 Re1+ 26. Rf1 Nd3 27. Rfxe1 dxe1=Q+ 28. Rxe1 Nxe1 29. Qe8+ Kg7 30. Qxe1 Bxa3 0-1


[Site "https://www.chess.com"]